 Dungeon Crawl Stone Soup version 0.30-a0-1163-gf69bf04e7a (webtiles) character file.

Game seed: 14164321222169372624

1796 garrulousMonolith the Cleaver (level 9, 0/78 HPs)
             Began as a Hill Orc Fighter on Apr 29, 2023.
             Slain by an orc warrior
             ... wielding a +0 trident
              (3 damage)
             ... on level 6 of the Dungeon.
             The game lasted 00:05:45 (5003 turns).

garrulousMonolith the Cleaver (Hill Orc Fighter)    Turns: 5003, Time: 00:05:46

Health: 0/78       AC: 12    Str: 21    XL:     9   Next: 9%
Magic:  13/13      EV:  6    Int: 10    God:
Gold:   278        SH:  6    Dex: 18    Spells: 7/8 levels left

rFire   . . .        s - +8 war axe "Peabi" {freeze, Fragile Dex+8}
rCold   . . .        c - +0 buckler
rNeg    . . .        D - +0 plate armour
rPois   .            (no helmet)
rElec   .            (no cloak)
rCorr   .            (no gloves)
SInv    .            (no boots)
Will    .....        a - amulet of faith Stlth
                     B - ring of flight
HPRegen 0.33/turn    (no ring)
MPRegen 0.13/turn

%: faith
@: mighty, weakened, flying
A: no striking features
a: no special abilities


You were on level 6 of the Dungeon.
You visited 2 branches of the dungeon, and saw 7 of its levels.

You collected 354 gold pieces.
You spent 76 gold pieces at shops.

Inventory:

Hand Weapons
 s - the +8 war axe "Peabi" (weapon) {freeze, Fragile Dex+8}
   (You found it on level 2 of the Dungeon)

   Dex:       It affects your dexterity (+8).
   Fragile:   It will be destroyed if unequipped.
 E - a +2 dagger of venom
 G - a +0 demon trident
Missiles
 h - 4 datura-tipped darts (quivered)
 o - 3 poisoned darts
Armour
 c - a +0 buckler (worn)
 q - a +3 ring mail
 D - a +0 plate armour (worn)
Jewellery
 a - an amulet of faith (around neck)
 g - a ring of fire
 B - a ring of flight (left hand)
Wands
 C - a wand of digging (5)
Scrolls
 b - a scroll of brand weapon {unknown}
 e - 2 scrolls of butterflies
 i - 3 scrolls of vulnerability {unknown}
 j - a scroll of fear {unknown}
 k - 3 scrolls of teleportation {unknown}
 n - 4 scrolls of magic mapping
 r - a scroll of enchant weapon {unknown}
 t - 2 scrolls of blinking {unknown}
 v - 3 scrolls of noise {unknown}
 x - 3 scrolls of poison {unknown}
 y - a scroll of fog {unknown}
 F - 3 scrolls of identify
Potions
 d - a potion of might
 f - 2 potions of heal wounds
 l - 2 potions of attraction
 m - a potion of brilliance {unknown}
 p - 2 potions of ambrosia
 u - 2 potions of magic {unknown}
 w - 2 potions of lignification
 z - a potion of berserk rage {unknown}
 A - 2 potions of flight


   Skills:
 + Level 6.6 Fighting
 * Level 9.2 Axes
 + Level 5.9 Armour
 + Level 6.0 Shields
 + Level 5.9 Invocations


You had 7 spell levels left.
You knew the following spells:

 Your Spells              Type           Power      Damage    Failure   Level
a - Sandblast             Erth           0%         2d4       100%        1

Your spell library contained the following spells:

 Spells                   Type           Power      Damage    Failure   Level
 Necrotise                Necr           0%         1d4       100%        1
 Summon Small Mammal      Summ           0%         N/A       100%        1
 Blink                    Tloc           0%         N/A       100%        2
 Lesser Beckoning         Tloc           0%         N/A       100%        2
 Momentum Strike          Conj/Tloc      0%         3d8       100%        2
 Passwall                 Tmut/Erth      0%         N/A       100%        2
 Call Canine Familiar     Summ           0%         N/A       100%        3
 Dazzling Flash           Conj/Hex       0%         N/A       100%        3
 Gell's Gravitas          Tloc           0%         N/A       100%        3
 Portal Projectile        Hex/Tloc       0%         N/A       100%        3
 Stone Arrow              Conj/Erth      0%         3d7       100%        3
 Summon Guardian Golem    Hex/Summ       0%         N/A       100%        3
 Teleport Other           Tloc           0%         N/A       100%        3
 Vampiric Draining        Necr           0%         2d6       100%        3
 Leda's Liquefaction      Hex/Erth       0%         N/A       100%        4
 Agony                    Necr           0%         N/A       100%        5
 Silence                  Hex/Air        0%         N/A       100%        5
 Dispersal                Tloc           0%         N/A       100%        6


Dungeon Overview and Level Annotations

Branches:
Dungeon (6/15)             Temple (1/1) D:4

Altars:
Ashenzari
Cheibriados
Dithmenos
Elyvilon
Gozag
Kikubaaqudgha
Makhleb
Qazlal
Ru
Sif Muna
Trog
Uskayaw
Wu Jian
Zin
The Shining One

Shops:
D:1 ?   D:2 *

Annotations:
D:4 1 runed translucent door, Oswald's ghost, amateur KoMo


Message History

The orc hits you with a +0 hand axe.
The orc warrior hits you but does no damage.
The gnoll hits you with a +0 whip.
You slash the gnoll bouda! You freeze the gnoll bouda.
The gnoll bouda is heavily wounded.
You closely miss the orc. You closely miss the gnoll.
You barely miss the gnoll.
You feel sick. The gnoll completely misses you.
The gnoll bouda barely misses you. You block the orc's attack.
You block the orc warrior's attack. The gnoll hits you with a +0 whip.
The gnoll hits you but does no damage.
You barely miss the gnoll bouda.
The gnoll bouda is heavily wounded.
You slash the orc! You freeze the orc.
You kill the orc!
You closely miss the gnoll. You slash the gnoll! You freeze the gnoll.
You feel sick.
The orc warrior hits you but does no damage.
The gnoll barely misses you.
The gnoll bouda hits you with a +1 whip of electrocution!
The gnoll hits you with a +0 club.
* * * LOW HITPOINT WARNING * * *
You slash the gnoll bouda! You freeze the gnoll bouda.
You kill the gnoll bouda!
You hit the gnoll. You freeze the gnoll. You slash the gnoll!
You freeze the gnoll.
You kill the gnoll!
You feel sick.
You are no longer poisoned.
The orc warrior hits you from afar with a +0 trident.
* * * LOW HITPOINT WARNING * * *
The gnoll hits you with a +0 club.
* * * LOW HITPOINT WARNING * * *
The orc warrior hits you with a +0 trident!
* * * LOW HITPOINT WARNING * * *
Items here: )) [ †.
You slash the orc warrior! You freeze the orc warrior.
The orc warrior is severely wounded.
You barely miss the gnoll.
The gnoll is no longer moving quickly.
The orc warrior hits you with a +0 trident.
You die...

...... ......# .......
.....## ##. .....######...
..### ##..........# # ....
...#.>.o...?.###.. ...###
.......@))........ .....
#......g.......... ...##
#........).......# ....##
.................#
.....####...............#..
...#......#....>.....#.....
..........................#.
......................##....
............................


You could see an orc warrior and a gnoll.

Vanquished Creatures
  A water moccasin (D:6)
  An ice beast (D:5)
  3 ogres
  A centaur (D:5)
  A phantom (D:4)
  A bullfrog (D:6)
  4 scorpions
  5 wights (D:6)
  A jelly (D:5)
  2 hounds (D:6)
  A gnoll bouda (D:6)
  5 iguanas
  A sleepcap (D:4)
  Jessica (D:3)
  Ijyb (D:4)
  4 orc wizards
  9 adders
  3 gnolls (D:6)
  2 worms
  4 dart slugs
  12 orcs
  A ball python (D:3)
  8 endoplasms
  15 goblins
  9 hobgoblins
  13 jackals
  8 kobolds
  3 quokkas
  4 bats
  5 frilled lizards
  A rat (D:1)
130 creatures vanquished.

Vanquished Creatures (others)
  A plant (D:6)
1 creature vanquished.

Grand Total: 131 creatures vanquished

Notes
Turn   | Place    | Note
-------+----------+-------------------------------------------
     0 | D:1      | garrulousMonolith the Hill Orc Fighter began the quest for
                  | the Orb.
     0 | D:1      | Reached XP level 1. HP: 19/19 MP: 1/1
    49 | D:1      | Reached skill level 3 in Axes
    56 | D:1      | Reached XP level 2. HP: 23/27 MP: 2/2
   282 | D:1      | Found Xosiny's Magic Scroll Shop.
   289 | D:1      | Reached skill level 1 in Invocations
   304 | D:1      | Bought a scroll of identify for 26 gold pieces
   395 | D:1      | Reached XP level 3. HP: 30/33 MP: 3/3
   783 | D:2      | Found Voizxowech's General Store.
   791 | D:2      | Learned a level 1 spell: Sandblast
   793 | D:2      | Bought a potion of heal wounds for 50 gold pieces
   916 | D:2      | Identified the +8 war axe "Peabi" {freeze, Fragile Dex+8}
  1011 | D:2      | Reached XP level 4. HP: 40/40 MP: 5/5
  1497 | D:3      | Reached skill level 4 in Axes
  1765 | D:3      | Noticed Jessica
  1769 | D:3      | Killed Jessica
  1772 | D:3      | Reached XP level 5. HP: 40/46 MP: 6/6
  2125 | D:4      | Reached skill level 5 in Axes
  2173 | D:4      | Reached XP level 6. HP: 47/53 MP: 6/8
  2234 | D:4      | Found a staircase to the Ecumenical Temple.
  2243 | Temple   | Entered the Ecumenical Temple
  2857 | D:4      | Noticed Ijyb
  2860 | D:4      | Killed Ijyb
  2861 | D:4      | Reached skill level 6 in Axes
  3019 | D:4      | Reached XP level 7. HP: 60/60 MP: 9/9
  3031 | D:4      | Found a hide-covered altar of Uskayaw.
  3045 | D:4      | Found a runed translucent door.
  3055 | D:4      | Reached skill level 5 in Fighting
  3078 | D:4      | Noticed Oswald's ghost (amateur KoMo)
  3078 | D:4      | Noticed a steam dragon
  3310 | D:5      | Entered Level 5 of the Dungeon
  3648 | D:5      | Reached skill level 7 in Axes
  3734 | D:5      | Reached skill level 5 in Shields
  3923 | D:5      | Reached skill level 5 in Armour
  3923 | D:5      | Reached XP level 8. HP: 52/69 MP: 11/11
  4436 | D:6      | Reached skill level 8 in Axes
  4436 | D:6      | Reached skill level 5 in Invocations
  4626 | D:6      | Found a stormy altar of Qazlal.
  4966 | D:6      | Reached XP level 9. HP: 78/78 MP: 13/13
  4990 | D:6      | Reached skill level 9 in Axes
  5002 | D:6      | HP: 3/78 [orc warrior/+0 trident (10)]
  5003 | D:6      | Slain by an orc warrior

Illustrated notes

Levels and vault maps discovered:
D:1:      erik_arrival_cave_to_civilisation [erik_arrival_cave_to_hall],
          layout_rooms, serial_shops, nicolae_lakefront_shop
D:2:      layout_rooms, serial_shops, nicolae_shop_crystal,
          minmay_joined_circles
D:3:      layout_loops_corners, kennysheep_minor_cross, uniq_jessica
D:4:      nicolae_BIG_FREAKIN_CUBE, layout_gridville,
          eat_drink_and_be_merry_uskayaw, temple_hall,
          ebering_ghost_inner_flame, corexii_checkpoint_a, minmay_ogre_servants,
          uniq_ijyb
D:5:      layout_loops_corners
D:6:      layout_rooms, fedhas_altar_1, mainiacjoe_overflow_catch_the_wave
Temple:   oiseaux_autumnal_temple

Skill      XL: |  1  2  3  4  5  6  7  8  9 |
---------------+----------------------------+-----
Axes           | 3 4 5 6 7 8 9 |  9.2
Invocations    | 1 2 3 4 5 |  5.9
Fighting       | 4 5 6 |  6.6
Armour         | 4 5 |  5.9
Shields        | 4 5 6 |  6.0

Action                     |  1- 3 |  4- 6 |  7- 9 || total
---------------------------+-------+-------+-------++-------
  Melee: War axe           |   114 |    65 |   118 ||   297
    Use: Scroll            |     2 |     3 |     3 ||     8
         Potion            |       |       |     4 ||     4
 Armour: Scale mail        |    32 |       |       ||    32
         Ring mail         |    17 |    29 |     3 ||    49
         Plate armour      |       |       |    47 ||    47
  Dodge: Dodged            |    64 |    24 |    21 ||   109
  Block: Buckler           |    32 |    16 |    35 ||    83

Table legend: (Time is in decaauts)
 A = Elapsed time spent in this place.
 B = Non-inter-level travel time spent in this place.
 C = Inter-level travel time spent in this place.
 D = Time resting spent in this place.
 E = Time spent auto-exploring this place.
 F = Levels seen in this place.
 G = Mean time per level.
                   A        B        C        D        E       F      G
               +--------+--------+--------+--------+--------+-----+--------+
         Total |   5094 |   4897 |    197 |    515 |   3537 |   7 |  727.7 |
       Dungeon |   4776 |   4613 |    163 |    515 |   3266 |   6 |  796.0 |
        Temple |    318 |    284 |     34 |      0 |    271 |   1 |  318.0 |
               +--------+--------+--------+--------+--------+-----+--------+

Top non-repeatable levels by time:
     D:5: 1087 daAuts
     D:4: 921 daAuts
     D:3: 891 daAuts
     D:1: 690 daAuts
     D:6: 617 daAuts
     D:2: 567 daAuts
  Temple: 318 daAuts
